 Dungeon Crawl Stone Soup version 0.19-a0-231-gae044c8 (webtiles) character file.

46 esc the Firebug (level 3, 0/19 HPs)
             Began as a Deep Elf Fire Elementalist on May 24, 2016.
             Slain by an adder (3 damage)
             ... on level 2 of the Dungeon.
             The game lasted 00:03:40 (1020 turns).

esc the Firebug (Deep Elf Fire Elementalist)        Turns: 1020, Time: 00:03:40

Health: 0/19       AC:  2    Str:  5    XL:     3   Next: 46%
Magic:  0/10       EV: 13    Int: 20    God:
Gold:   78         SH:  0    Dex: 15    Spells: 1 memorised, 8 levels left

rFire  + . .     SeeInvis .     t - +0 short sword (venom)
rCold  . . .     Gourm    .     a - +0 robe
rNeg   . . .     Faith    .     (no shield)
rPois  .         Spirit   .     (no helmet)
rElec  .         Dismiss  .     (no cloak)
rCorr  .         Reflect  .     (no gloves)
SustAt .         Harm     .     (no boots)
MR     .....                    (no amulet)
Stlth  ++........               (no ring)
                                s - ring of protection from fire {rF+, !d}

@: very slightly contaminated, not resistant to hostile enchantments, unstealthy
A: no striking features
a: no special abilities


You were on level 2 of the Dungeon.
You were not hungry.

You visited 1 branch of the dungeon, and saw 2 of its levels.

You collected 78 gold pieces.

Inventory:

Hand Weapons
 i - a +0 spear
   (You found it on level 1 of the Dungeon)
 t - a +0 short sword of venom (weapon)
   (You found it on level 2 of the Dungeon)
Missiles
 e - 139 stones (quivered)
 g - 7 tomahawks
Armour
 a - a +0 robe (worn)
Jewellery
 s - a ring of protection from fire (left hand) {rF+, !d}
   (You found it on level 2 of the Dungeon)
Scrolls
 k - a scroll of identify {unknown}
 l - a scroll of enchant weapon {unknown}
 m - a scroll of enchant armour {unknown}
 p - a scroll of remove curse {unknown}
 q - a scroll of fog {unknown}
 r - a scroll of noise {unknown}
Potions
 f - a potion of degeneration {unknown}
 j - a potion of lignification {unknown}
 n - a potion of cancellation {unknown}
 o - a potion of resistance {unknown}
Books
 b - a book of Flames
Comestibles
 c - a bread ration {@e1}
 d - a royal jelly
 h - 8 chunks of flesh {@w0}


   Skills:
 - Level 0.2 Fighting
 + Level 0.0 Short Blades
 - Level 3.2 Dodging
 - Level 2.4 Stealth
 + Level 3.5 Spellcasting
 + Level 2.1 Conjurations
 + Level 3.7 Fire Magic


You had 8 spell levels left.
You knew the following spells:

 Your Spells              Type           Power        Failure   Level  Hunger
a - Flame Tongue          Conj/Fire      ###..        4%          1    None


Dungeon Overview and Level Annotations

Branches:
Dungeon (2/15)

Altars:


Message History

You now have 4/9 mp.
Items here: )) †††† a club x2; a goblin corpse x2; a jackal corpse x2
You butcher the goblin corpse.
h - 5 chunks of flesh {@w0} (gained 2)
Items here: )) ††† a club x2; a goblin corpse; a jackal corpse x2
Some of the chunks of flesh in your inventory have rotted away.
You butcher the goblin corpse.
h - 5 chunks of flesh {@w0} (gained 1)
Items here: )) †† a club x2; a jackal corpse x2
You butcher the jackal corpse.
h - 6 chunks of flesh {@w0} (gained 1)
Things that are here:
a club x2; a jackal corpse You butcher the jackal corpse.
h - 8 chunks of flesh {@w0} (gained 2)
Things that are here:
a club x2
s - a cabochon ring Put on which piece of jewellery? (? for menu, Esc to quit)
s - a ring of protection from fire (left hand)
You start resting.
MP restored: 9 You now have 78 gold pieces (gained 1).
A rat comes into view.
You see here a runed short sword.
t - a runed short sword
Aim: a rat The flame tongue misses the rat.
You now have 8/9 mp.
Aim: a rat You miscast Flame Tongue.
You are very lightly contaminated with residual magic.
Nothing appears to happen.
You now have 7/9 mp.
Aim: a rat The flame tongue hits the rat.
You kill the rat!
You now have 6/9 mp.
Wield which item (- for none, * to show all)? (? for menu, Esc to quit)
Your +0 short sword of venom begins to drip with poison!
t - a +0 short sword of venom (weapon)
Found an escape hatch in the ceiling.
A worm is nearby!
You hit the worm.
The worm is poisoned.
The worm bites you.
You take 3 damage, and have 16/19 hp.
Aim: a worm (lightly wounded, poisoned)
The flame tongue misses the worm.
You now have 6/9 mp.
Aim: a worm (lightly wounded, poisoned)
The flame tongue hits the worm.
The worm appears unharmed.
Aim: a worm (lightly wounded, poisoned)
The flame tongue hits the worm.
You now have 5/9 mp.
Your magical contamination has completely faded away.
Aim: a worm (moderately wounded, poisoned)
The flame tongue hits the worm.
You now have 4/9 mp.
Aim: a worm (heavily wounded, poisoned)
The flame tongue misses the worm.
You now have 3/9 mp.
Aim: a worm (heavily wounded, poisoned)
The flame tongue hits the worm.
You now have 3/9 mp.
You hit the worm.
The worm looks even sicker.
The worm bites you!
You take 7 damage, and have 10/19 hp.
MASSIVE DAMAGE!!
You kill the worm!
You start resting.
You can't see any susceptible monsters within range! (Use Z to cast anyway.)
You can't see any susceptible monsters within range! (Use Z to cast anyway.)
Aim: an adder You miscast Flame Tongue.
You are very lightly contaminated with residual magic.
Nothing appears to happen.
You now have 3/10 mp.
You barely miss the adder. The adder bites you.
You take 2 damage, and have 8/19 hp.
Unknown command.
You miss the adder. The adder closely misses you. The adder bites you.
You take 2 damage, and have 6/19 hp.
Aim: an adder The flame tongue hits the adder.
The adder bites you.
* * * LOW HITPOINT WARNING * * *
You take 2 damage, and have 4/19 hp.
Aim: an adder (heavily wounded)
The flame tongue misses the adder.
The adder barely misses you.
You now have 2/10 mp.
Aim: an adder (heavily wounded)
The flame tongue hits the adder.
The adder barely misses you. The adder bites you.
* * * LOW HITPOINT WARNING * * *
You take 1 damage, and have 3/19 hp.
You now have 1/10 mp.
Aim: an adder (severely wounded)
The flame tongue misses the adder.
The adder misses you.
You now have 0/10 mp.
The adder bites you.
You die...

...................
....###.....#######
.##............##
###.###.........##
.#..##...........#
....##...........##
..................#
.##.).............######
. #####....#...S@.......
.######..######.........
...........####.........
....###.#.<....#########
.. #.####...# .. ##..#
..# ##..# ..# ..... ...
......


You could see an adder.

Vanquished Creatures
  An adder (D:1)
  An ooze (D:1)
  A worm (D:2)
  A dart slug (D:1)
  8 bats (D:1)
  2 giant cockroaches
  3 goblins
  5 jackals
  A ball python (D:1)
  2 kobolds (D:1)
  2 rats
27 creatures vanquished.

Notes
Turn   | Place    | Note
--------------------------------------------------------------
     0 | D:1      | esc the Deep Elf Fire Elementalist began the quest for the Orb.
     0 | D:1      | Reached XP level 1. HP: 10/10 MP: 6/6
   119 | D:1      | Reached XP level 2. HP: 9/15 MP: 0/8
   829 | D:1      | Reached XP level 3. HP: 16/19 MP: 3/9
   902 | D:2      | Reached skill level 2 in Conjurations
   904 | D:2      | Reached skill level 3 in Dodging
  1014 | D:2      | HP: 4/19 [adder (2)]
  1020 | D:2      | Slain by an adder

Vault maps used:
D:1:      dpeg_arrival_rhombus, kennysheep_doodads
D:2:      lemuel_coloured_pillars_altar, uniq_jessica

Skill      XL: |  1  2  3 |
---------------+----------+-----
Conjurations   | 2 |  2.1
Dodging        | 3 |  3.2
Fighting       | |  0.2
Stealth        | |  2.4
Spellcasting   | |  3.5
Fire Magic     | |  3.7

Action                   || total
-------------------------++-------
Melee: Unarmed           ||     1
       Spear             ||     7
       Short sword       ||     4
 Cast: Flame Tongue      ||    48
 Stab: Sleeping          ||     1
Armor: Robe              ||     3
Dodge: Dodged            ||    22

Vault maps used:
D:1:      dpeg_arrival_rhombus, kennysheep_doodads
D:2:      lemuel_coloured_pillars_altar, uniq_jessica

Table legend:
 A = Turns spent in this place as a percentage of turns spent in the entire game.
 B = Non-inter-level travel turns spent in this place as a percentage of non-inter-level travel turns spent in the entire game.
 C = Inter-level travel turns spent in this place as a percentage of turns spent in this place.
 D = Turns resting spent in this place as a percentage of non-inter-level travel turns spent in this place.
 E = Turns spent auto-exploring this place as a percentage of non-inter-level travel turns spent in this place.
 F = Non-inter-level travel turns spent in this place divided by the number of levels of this place that you've seen.
                   A       B       C       D       E      F
               +-------+-------+-------+-------+-------+----------------------
         Total | 100.0 | 100.0 |   0.7 |   3.4 |   8.2 | 145.5
       Dungeon | 100.0 | 100.0 |   0.7 |   3.4 |   8.2 | 145.5
               +-------+-------+-------+-------+-------+----------------------

Table legend:
 A = Kills in this place as a percentage of kills in entire the game.
 B = Kills by you in this place as a percentage of kills by you in the entire game.
 C = Kills by friends in this place as a percentage of kills by friends in the entire game.
 D = Other kills in this place as a percentage of other kills in the entire game.
 E = Experience gained in this place as a percentage of experience gained in the entire game.
 F = Experience gained in this place divided by the number of levels of this place that you have seen.
                   A       B       C       D       E      F
               +-------+-------+-------+-------+-------+----------------------
         Total | 100.0 | 100.0 |  -nan |  -nan | 100.0 |  33.5
       Dungeon | 100.0 | 100.0 |  -nan |  -nan | 100.0 |  33.5
               +-------+-------+-------+-------+-------+----------------------
